 Dungeon Crawl Stone Soup version 0.20.0-1-g1cb1d84 (webtiles) character file.

36 straycat the Covered (level 3, -2/26 HPs)
             Began as a Vampire Wanderer on May 26, 2017.
             Hit by a goblin thrown by Robin (3 damage)
             ... on level 2 of the Dungeon.
             The game lasted 00:07:00 (880 turns).

straycat the Covered (Vampire Wanderer)              Turns: 880, Time: 00:07:01

Health: -2/26      AC:  0    Str: 10    XL:     3   Next: 19%
Magic:  1/3        EV: 20    Int: 14    God:
Gold:   66         SH:  0    Dex: 20    Spells: 2/2 levels left

rFire    . . .     SeeInvis +   (weapon currently unavailable)
rCold    . . .     Gourm    .   (shield currently unavailable)
rNeg     + . .     Faith    .   (armour currently unavailable)
rPois    .         Spirit   .   (helmet currently unavailable)
rElec    .         Reflect  .   (cloak currently unavailable)
rCorr    .         Harm     .   (gloves currently unavailable)
MR       .....                  (boots currently unavailable)
Stlth    ++++......             (no amulet)
Regen    0.1/turn               (ring currently unavailable)
MPRegen  0.1/turn               (ring currently unavailable)

@: bat-form, flying, very quick
A: fangs 3, see invisible
a: End Transformation


You were on level 2 of the Dungeon.
You were not thirsty.
You were in vampire-bat-form.
You visited 1 branch of the dungeon, and saw 2 of its levels.

You collected 66 gold pieces.

Inventory:

Hand Weapons
 d - a +0 dagger
 g - a +0 short sword (melded)
 j - a +0 hunting sling
 q - a cursed -3 spear
Missiles
 i - 54 stones (quivered)
Armour
 a - a +2 scale mail (melded)
 p - a +0 chain mail
Scrolls
 h - 2 scrolls of identify {unknown}
 l - a scroll of fog {unknown}
 o - a scroll of magic mapping {unknown}
 r - a scroll of remove curse {unknown}
Potions
 b - a potion of invisibility {unknown}
 c - 3 potions of lignification
 e - 15 potions of blood
 k - a potion of degeneration {unknown}
 m - a potion of agility {unknown}
 n - a potion of brilliance {unknown}


   Skills:
 * Level 1.3 Fighting
 * Level 2.1 Short Blades
   Level 1.5 Bows
 - Level 2.4 Armour
 * Level 2.1 Dodging
 - Level 1.5 Stealth
   Level 1.0 Shields
   Level 1.0 Evocations


You had 2 spell levels left.
You didn't know any spells.

Dungeon Overview and Level Annotations

Branches:
Dungeon (1/15)

Altars:

Annotations:
D:2 Robin


Innate Abilities, Weirdness & Mutations

You have razor-sharp teeth.
You have supernaturally acute eyesight. (SInv)
((You can survive without breathing.))


Message History

Okay, then.
Okay, then.
You turn into a vampire bat.
Your +0 short sword melds into your body.
Your +2 scale mail melds into your body.
The hobgoblin no longer looks unusually strong.
The goblin hits you but does no damage. The hobgoblin misses you. x2
The goblin closely misses you.
The goblin no longer looks unusually strong.
The goblin unwields an uncursed club.
The goblin wields an uncursed hunting sling.
The goblin shoots a stone.
The stone closely misses you. Robin throws the goblin at you!
* * * LOW HITPOINT WARNING * * *
The goblin closely misses you.
The goblin shoots a stone.
The stone completely misses you.
The goblin shoots a stone.
The stone hits you.
* * * LOW HITPOINT WARNING * * *
Robin throws the goblin at you!
You die...

### ####.# #....#
#.##.# #.##.#
#####'##.# #.....(#.#
#....bg#.#######
#...g..#.#.....#
#......#.#.#...#
#......#.......#
#........###...#######
###...................
##.##.....#.........#
#ggg......####......#
#.........# #......#


You could see Robin, a hobgoblin and 2 goblins.

Vanquished Creatures
  A leopard gecko (D:1)
  4 hobgoblins
  3 jackals (D:1)
  3 kobolds
  2 bats
  4 frilled lizards
  12 goblins
  3 rats
32 creatures vanquished.

Notes
Turn   | Place    | Note
-------+----------+-------------------------------------------
     0 | D:1      | straycat the Vampire Wanderer began the quest for the Orb.
     0 | D:1      | straycat set off with: a +2 scale mail, a potion of curing, a potion of lignification, a +0 dagger, a potion of blood
     0 | D:1      | Reached XP level 1. HP: 13/13 MP: 1/1
   225 | D:1      | Reached skill level 1 in Fighting
   225 | D:1      | Reached XP level 2. HP: 18/21 MP: 2/2
   467 | D:1      | You fall through a shaft!
   761 | D:2      | Found a faded altar of an unknown god.
   813 | D:2      | Noticed Robin
   821 | D:2      | Reached XP level 3. HP: 24/26 MP: 3/3
   880 | D:2      | HP: 1/26 [goblin/stone[Robin] (3)]
   880 | D:2      | Hit by a goblin thrown by Robin

Skill      XL: |  1  2 |
---------------+-------+-----
Fighting       | 1 |  1.3
Short Blades   | 2 |  2.1
Dodging        | 2 |  2.1
Bows           | |  1.5
Armour         | |  2.4
Stealth        | |  1.5
Shields        | |  1.0
Evocations     | |  1.0

Action                   || total
-------------------------++-------
Melee: Dagger            ||    51
       Short sword       ||    94
       Bite              ||     8
Throw: Stone             ||     1
 Abil: Bat Form          ||     1
  Use: Potion            ||     2
Armor: Scale mail        ||    96
Dodge: Dodged            ||    95
